TOP OF THE 1ST |
Cleveland Indians batting - Pitching for Toronto Blue Jays : RHP Matt Altieri
|
Pitching: RHP Matt Altieri
|
|
Batting: LHB Arvin Dungca
|
0-0: Ball 1-0: Ball 2-0: Called Strike 2-1: SINGLE (Groundball, 4MD, EV 77.5 MPH) (infield hit)
|
Batting: LHB Hector Pedroso
|
0-0: Ball 1-0: Ball 2-0: Called Strike 2-1: Ball Wild Pitch! Arvin Dungca to second 3-1: Called Strike 3-2: SINGLE (Groundball, 6MD, EV 104.4 MPH) Arvin Dungca to third Runner from 3rd tries for Home, SAFE, throw by CF to home Hector Pedroso to second
|
Batting: LHB Kyle Schaible
|
0-0: Fly out, F8 (Line Drive, 8LD, EV 92.5 MPH)
|
Batting: RHB Hiroshige Yamada
|
0-0: Ball 1-0: Ball Hector Pedroso steals 3rd base 2-0: Called Strike 2-1: Hit by Pitch
|
Pinch Runner at 1st Danny Millsaps:
|
|
Batting: LHB Stu Sornson
|
0-0: Ball 1-0: Ball 2-0: Called Strike 2-1: Ball 3-1: Foul Ball, location: 2F 3-2: Foul Ball, location: 2F 3-2: Foul Ball, location: 2F 3-2: Base on Balls Danny Millsaps to second
|
Batting: RHB Ji-an Li
|
0-0: Grounds into double play, 6-4-3 (Groundball, 6M, EV 91.2 MPH)
|
Top of the 1st over - 1 run, 2 hits, 0 errors, 2 left on base; Cleveland 1 - Toronto 0 |
BOTTOM OF THE 1ST |
Toronto Blue Jays batting - Pitching for Cleveland Indians : RHP Apostolos Tsatsos
|
Pitching: RHP Apostolos Tsatsos
|
|
Now at C: Danny Millsaps
|
|
Batting: RHB Donny Burnside
|
0-0: Ground out 5-3 (Groundball, 25, EV 71.2 MPH)
|
Batting: RHB Jason May
|
0-0: Ball 1-0: Called Strike 1-1: Ball 2-1: Swinging Strike 2-2: Ball 3-2: Base on Balls
|
Batting: SHB Mark Rennie
|
0-0: Ball 1-0: Ball 2-0: Ball 3-0: Called Strike 3-1: Base on Balls Jason May to second
|
Batting: RHB Kirk Arp
|
0-0: Called Strike 0-1: Ball 1-1: Fielders Choice at 2nd, 6-4 (Groundball, 6M, EV 101.2 MPH) Jason May to third
|
Batting: RHB Ruben Velasco
|
0-0: Ball 1-0: Called Strike Kirk Arp steals 2nd base 1-1: Called Strike 1-2: Ball 2-2: Foul Ball, location: 2F 2-2: SINGLE (Flyball, 3D, EV 93.8 MPH) Jason May scores Kirk Arp to third
|
Batting: LHB Jon Schick
|
0-0: Ball 1-0: Ball 2-0: Called Strike 2-1: Ground out 4-3 (Groundball, 4, EV 106.9 MPH)
|
Bottom of the 1st over - 1 run, 1 hit, 0 errors, 2 left on base; Cleveland 1 - Toronto 1 |
TOP OF THE 2ND |
Cleveland Indians batting - Pitching for Toronto Blue Jays : RHP Matt Altieri
|
Batting: LHB Jeff Taylor
|
0-0: Swinging Strike 0-1: Ball 1-1: Called Strike 1-2: Ball 2-2: Foul Ball, location: 2F 2-2: Foul Ball, location: 2F 2-2: Strikes out swinging, 2-3 out at first.
|
Batting: RHB Drtian Thaqi
|
0-0: Ball 1-0: Called Strike 1-1: Called Strike 1-2: Foul Ball, location: 2F 1-2: Ground out 6-3 (Groundball, 56, EV 98.8 MPH)
|
Batting: RHB Jesus Galvan
|
0-0: Ball 1-0: Ground out 6-3 (Groundball, 6, EV 85.6 MPH)
|
Top of the 2nd over - 0 runs, 0 hits, 0 errors, 0 left on base; Cleveland 1 - Toronto 1 |
BOTTOM OF THE 2ND |
Toronto Blue Jays batting - Pitching for Cleveland Indians : RHP Apostolos Tsatsos
|
Batting: RHB Mike Blair
|
0-0: Fly out, F9 (Line Drive, 9, EV 96.9 MPH)
|
Batting: RHB Tommy Mize
|
0-0: Called Strike 0-1: Swinging Strike 0-2: Strikes out swinging
|
Batting: SHB Dylan Novakowski
|
0-0: Called Strike 0-1: Bunt missed! 0-2: Ball 1-2: Strikes out looking
|
Bottom of the 2nd over - 0 runs, 0 hits, 0 errors, 0 left on base; Cleveland 1 - Toronto 1 |
TOP OF THE 3RD |
Cleveland Indians batting - Pitching for Toronto Blue Jays : RHP Matt Altieri
|
Batting: LHB Arvin Dungca
|
0-0: Called Strike 0-1: Foul Ball, location: 2F 0-2: Ball 1-2: Strikes out swinging
|
Batting: LHB Hector Pedroso
|
0-0: Foul Ball, location: 2F 0-1: Foul Ball, location: 2F 0-2: Ball 1-2: Ball 2-2: Foul Ball, location: 2F 2-2: Strikes out swinging
|
Batting: LHB Kyle Schaible
|
0-0: Ball 1-0: DOUBLE (Flyball, 78D, EV 91.9 MPH)
|
Batting: RHB Danny Millsaps
|
0-0: Called Strike 0-1: Foul Ball, location: 2F 0-2: Ball 1-2: Ground out 5-3 (Groundball, 56S, EV 76.9 MPH)
|
Top of the 3rd over - 0 runs, 1 hit, 0 errors, 1 left on base; Cleveland 1 - Toronto 1 |
BOTTOM OF THE 3RD |
Toronto Blue Jays batting - Pitching for Cleveland Indians : RHP Apostolos Tsatsos
|
Batting: RHB Donny Burnside
|
0-0: Called Strike 0-1: Fly out, F8 (Flyball, 8LD, EV 96.2 MPH)
|
Batting: RHB Jason May
|
0-0: Ball 1-0: Ball 2-0: Called Strike 2-1: Foul Ball, location: 2F 2-2: SINGLE (Flyball, 78S, EV 97.5 MPH)
|
Batting: SHB Mark Rennie
|
0-0: Ball 1-0: Foul Ball, location: 2F 1-1: Foul Ball, location: 2F 1-2: Foul Ball, location: 2F 1-2: Ball 2-2: Foul Ball, location: 2F 2-2: Fielders Choice at 2nd, 4-6 (Groundball, 34, EV 84.4 MPH)
|
Batting: RHB Kirk Arp
|
0-0: Called Strike Mark Rennie steals 2nd base 0-1: Ground out 6-3 (Groundball, 6, EV 77.5 MPH)
|
Bottom of the 3rd over - 0 runs, 1 hit, 0 errors, 1 left on base; Cleveland 1 - Toronto 1 |
TOP OF THE 4TH |
Cleveland Indians batting - Pitching for Toronto Blue Jays : RHP Matt Altieri
|
Batting: LHB Stu Sornson
|
0-0: Ground out 6-3 (Groundball, 6, EV 89.4 MPH)
|
Batting: RHB Ji-an Li
|
0-0: Ball 1-0: Ball 2-0: Called Strike 2-1: Ball 3-1: Ground out 6-3 (Groundball, 6, EV 89.4 MPH)
|
Batting: LHB Jeff Taylor
|
0-0: Ball 1-0: Ball 2-0: Foul Ball, location: 2F 2-1: Ball 3-1: Swinging Strike 3-2: Strikes out swinging
|
Top of the 4th over - 0 runs, 0 hits, 0 errors, 0 left on base; Cleveland 1 - Toronto 1 |
BOTTOM OF THE 4TH |
Toronto Blue Jays batting - Pitching for Cleveland Indians : RHP Apostolos Tsatsos
|
Batting: RHB Ruben Velasco
|
0-0: Called Strike 0-1: Swinging Strike 0-2: SINGLE (Groundball, 23, EV 66.2 MPH) (infield hit)
|
Batting: LHB Jon Schick
|
0-0: Grounds into double play, 6-4-3 (Groundball, 56, EV 98.8 MPH)
|
Batting: RHB Mike Blair
|
0-0: Ball 1-0: Foul Ball, location: 2F 1-1: Ball 2-1: Foul Ball, location: 2F 2-2: Ball 3-2: Base on Balls
|
Batting: RHB Tommy Mize
|
0-0: Ball 1-0: SINGLE (Groundball, 56D, EV 103.1 MPH) Mike Blair to second
|
Batting: SHB Dylan Novakowski
|
0-0: Ball 1-0: SINGLE (Groundball, 6M, EV 96.9 MPH) Mike Blair to third Tommy Mize to second Runner from 3rd tries for Home, SAFE, throw by CF to home
|
Batting: RHB Donny Burnside
|
0-0: Called Strike 0-1: Called Strike 0-2: SINGLE (Line Drive, 8LS, EV 96.2 MPH) Tommy Mize to third Dylan Novakowski to second
|
Batting: RHB Jason May
|
0-0: Ball 1-0: Swinging Strike 1-1: Called Strike 1-2: Ball 2-2: Foul Ball, location: 2F 2-2: Ball 3-2: DOUBLE (Flyball, 8LXD, EV 104.4 MPH) Tommy Mize scores Dylan Novakowski scores Donny Burnside to third Donny Burnside scores
|
Pitching: RHP Josh Holloway
|
|
Batting: SHB Mark Rennie
|
0-0: Called Strike 0-1: Foul Ball, location: 2F 0-2: Ball 1-2: Ball 2-2: Ball 3-2: Ground out 4-3 (Groundball, 34, EV 85.0 MPH)
|
Bottom of the 4th over - 4 runs, 5 hits, 0 errors, 1 left on base; Cleveland 1 - Toronto 5 |
TOP OF THE 5TH |
Cleveland Indians batting - Pitching for Toronto Blue Jays : RHP Matt Altieri
|
Batting: RHB Drtian Thaqi
|
0-0: Foul Ball, location: 2F 0-1: Fly out, F9 (Flyball, 9LS, EV 85.6 MPH)
|
Batting: RHB Jesus Galvan
|
0-0: Called Strike 0-1: Ball 1-1: Ball 2-1: Called Strike 2-2: Ball 3-2: Fly out, F8 (Flyball, 8RXD, EV 83.8 MPH)
|
Batting: LHB Arvin Dungca
|
0-0: Ball 1-0: Ball 2-0: Called Strike 2-1: Fly out, F9 (Flyball, 9LM, EV 93.8 MPH)
|
Top of the 5th over - 0 runs, 0 hits, 0 errors, 0 left on base; Cleveland 1 - Toronto 5 |
BOTTOM OF THE 5TH |
Toronto Blue Jays batting - Pitching for Cleveland Indians : RHP Josh Holloway
|
Batting: RHB Kirk Arp
|
0-0: Ball 1-0: Called Strike 1-1: Called Strike 1-2: Foul Ball, location: 2F 1-2: Ball 2-2: Ball 3-2: Strikes out looking
|
Batting: RHB Ruben Velasco
|
0-0: Ball 1-0: Ball 2-0: Ball 3-0: Base on Balls
|
Batting: LHB Jon Schick
|
0-0: Ball 1-0: Foul Ball, location: 2F 1-1: Foul Ball, location: 2F 1-2: Strikes out swinging
|
Batting: RHB Mike Blair
|
0-0: Called Strike Ruben Velasco steals 2nd base 0-1: Called Strike 0-2: Ball 1-2: Strikes out swinging
|
Bottom of the 5th over - 0 runs, 0 hits, 0 errors, 1 left on base; Cleveland 1 - Toronto 5 |
TOP OF THE 6TH |
Cleveland Indians batting - Pitching for Toronto Blue Jays : RHP Matt Altieri
|
Batting: LHB Hector Pedroso
|
0-0: Called Strike 0-1: Swinging Strike 0-2: SINGLE (Flyball, 8RS, EV 94.4 MPH)
|
Batting: LHB Kyle Schaible
|
0-0: Called Strike 0-1: Foul Ball, location: 2F 0-2: Strikes out swinging
|
Batting: RHB Danny Millsaps
|
0-0: Called Strike Hector Pedroso steals 2nd, throwing error, E2 Hector Pedroso to third 0-1: Ball 1-1: Fly out, F7 (Flyball, 7, EV 81.2 MPH)
|
Batting: LHB Stu Sornson
|
0-0: Ball 1-0: Foul Ball, location: 2F 1-1: Fly out, F7 (Flyball, 78D, EV 78.8 MPH)
|
Top of the 6th over - 0 runs, 1 hit, 1 error, 1 left on base; Cleveland 1 - Toronto 5 |
BOTTOM OF THE 6TH |
Toronto Blue Jays batting - Pitching for Cleveland Indians : RHP Josh Holloway
|
Batting: RHB Tommy Mize
|
0-0: Ball 1-0: Foul Ball, location: 2F 1-1: Ball 2-1: Called Strike 2-2: Ball 3-2: Fly out, F7 (Flyball, 7LM, EV 75.6 MPH)
|
Batting: SHB Dylan Novakowski
|
0-0: Swinging Strike 0-1: Called Strike 0-2: Strikes out looking
|
Pitching: RHP Jorge Reyes
|
|
Batting: RHB Donny Burnside
|
0-0: Ball 1-0: Ball 2-0: Ball 3-0: Called Strike 3-1: Base on Balls
|
Batting: RHB Jason May
|
0-0: Ball Donny Burnside steals 2nd base (no throw) 1-0: Foul Ball, location: 2F 1-1: SINGLE (Groundball, 56D, EV 97.5 MPH) Donny Burnside to third Runner from 3rd tries for Home, SAFE, throw by LF to home
|
Batting: SHB Mark Rennie
|
0-0: Foul Ball, location: 2F 0-1: Ball 1-1: Ball 2-1: Called Strike 2-2: Ball 3-2: Base on Balls Jason May to second
|
Batting: RHB Kirk Arp
|
0-0: Called Strike Jason May steals 3rd base Mark Rennie to second 0-1: Ball 1-1: Ball 2-1: Ball 3-1: Base on Balls
|
Batting: RHB Ruben Velasco
|
0-0: Ball 1-0: Ball 2-0: Called Strike 2-1: Called Strike 2-2: Fly out, F7 (Line Drive, 7, EV 97.5 MPH)
|
Bottom of the 6th over - 1 run, 1 hit, 0 errors, 3 left on base; Cleveland 1 - Toronto 6 |
TOP OF THE 7TH |
Cleveland Indians batting - Pitching for Toronto Blue Jays : RHP Matt Altieri
|
Batting: RHB Ji-an Li
|
0-0: Ball 1-0: Called Strike 1-1: Ball 2-1: Foul Ball, location: 2F 2-2: Strikes out swinging
|
Batting: LHB Jeff Taylor
|
0-0: Called Strike 0-1: Ball 1-1: Ball 2-1: Foul Ball, location: 2F 2-2: Foul Ball, location: 2F 2-2: Ball 3-2: DOUBLE (Line Drive, 78D, EV 102.5 MPH)
|
Batting: RHB Drtian Thaqi
|
0-0: Ground out 5-3 (Groundball, 5, EV 81.2 MPH)
|
Batting: RHB Jesus Galvan
|
0-0: Foul Ball, location: 2F 0-1: Ball 1-1: Fly out, F5 (Popup, 5SF, EV 81.2 MPH)
|
Top of the 7th over - 0 runs, 1 hit, 0 errors, 1 left on base; Cleveland 1 - Toronto 6 |
BOTTOM OF THE 7TH |
Toronto Blue Jays batting - Pitching for Cleveland Indians : RHP Jorge Reyes
|
Batting: LHB Jon Schick
|
0-0: Ball 1-0: Ball 2-0: Ball 3-0: Foul Ball, location: 2F 3-1: Fly out, F7 (Line Drive, 7S, EV 91.9 MPH)
|
Batting: RHB Mike Blair
|
0-0: Called Strike 0-1: SINGLE (Groundball, 6MD, EV 110.0 MPH)
|
Batting: RHB Tommy Mize
|
0-0: Called Strike 0-1: Ball 1-1: Foul Ball, location: 2F 1-2: Ball Wild Pitch! Mike Blair to second 2-2: Foul Ball, location: 2F 2-2: Foul Ball, location: 2F 2-2: Ground out 5-3 (Groundball, 5, EV 80.6 MPH)
|
Pitching: RHP Chris Anderson
|
|
Batting: SHB Dylan Novakowski
|
0-0: Foul Ball, location: 2F 0-1: Called Strike 0-2: Foul Ball, location: 2F 0-2: Ball 1-2: Strikes out swinging
|
Bottom of the 7th over - 0 runs, 1 hit, 0 errors, 1 left on base; Cleveland 1 - Toronto 6 |
TOP OF THE 8TH |
Cleveland Indians batting - Pitching for Toronto Blue Jays : RHP Matt Altieri
|
Batting: LHB Arvin Dungca
|
0-0: Foul Ball, location: 2F 0-1: Swinging Strike 0-2: Strikes out swinging
|
Batting: LHB Hector Pedroso
|
0-0: Ball 1-0: Fly out, F8 (Flyball, 78M, EV 86.9 MPH)
|
Batting: LHB Kyle Schaible
|
0-0: Called Strike 0-1: Ball 1-1: Swinging Strike 1-2: Ball 2-2: Ground out 4-3 (Groundball, 4, EV 100.6 MPH)
|
Top of the 8th over - 0 runs, 0 hits, 0 errors, 0 left on base; Cleveland 1 - Toronto 6 |
BOTTOM OF THE 8TH |
Toronto Blue Jays batting - Pitching for Cleveland Indians : RHP Chris Anderson
|
Batting: RHB Donny Burnside
|
0-0: Called Strike 0-1: Swinging Strike 0-2: Ball 1-2: Strikes out looking
|
Batting: RHB Jason May
|
0-0: Ball 1-0: Foul Ball, location: 2F 1-1: DOUBLE (Line Drive, 9LS, EV 112.5 MPH)
|
Batting: SHB Mark Rennie
|
0-0: Ball 1-0: Foul Ball, location: 2F 1-1: Foul Ball, location: 2F 1-2: Foul Ball, location: 2F 1-2: Ball 2-2: Ground out 4-3 (Groundball, 4, EV 86.9 MPH) Jason May to third
|
Batting: RHB Kirk Arp
|
0-0: Called Strike 0-1: Ball 1-1: Foul Ball, location: 2F 1-2: Ball 2-2: Ball 3-2: Strikes out swinging
|
Bottom of the 8th over - 0 runs, 1 hit, 0 errors, 1 left on base; Cleveland 1 - Toronto 6 |
TOP OF THE 9TH |
Cleveland Indians batting - Pitching for Toronto Blue Jays : RHP Matt Altieri
|
Batting: RHB Danny Millsaps
|
0-0: Called Strike 0-1: Ball 1-1: Foul Ball, location: 2F 1-2: Ball 2-2: SINGLE (Groundball, 5S, EV 73.8 MPH) (infield hit)
|
Batting: LHB Stu Sornson
|
0-0: Ball 1-0: Ball 2-0: Swinging Strike 2-1: Called Strike 2-2: Foul Ball, location: 2F 2-2: Foul Ball, location: 2F 2-2: Strikes out looking
|
Pitching: LHP Jon Valdovinos
|
|
Batting: RHB Ji-an Li
|
0-0: Ball 1-0: Ball 2-0: SINGLE (Groundball, 6MD, EV 96.9 MPH) Danny Millsaps to second
|
Pinch Hitting: RHB Shigem Kubo
|
0-0: Fielders Choice at 2nd, 4-6 (Groundball, 4D, EV 102.5 MPH) Danny Millsaps to third
|
Batting: RHB Drtian Thaqi
|
0-0: Called Strike 0-1: Ball 1-1: Ball 2-1: Foul Ball, location: 2F 2-2: SINGLE (Groundball, 6MD, EV 104.4 MPH) Danny Millsaps scores Shigem Kubo to second
|
Pitching: RHP Bobby Wright
|
|
Batting: RHB Jesus Galvan
|
0-0: Foul Ball, location: 2F 0-1: Foul Ball, location: 2F 0-2: 3-RUN HOME RUN (Flyball, 7LD, EV 91.2 MPH), Distance : 335 ft
|
Batting: LHB Arvin Dungca
|
0-0: Swinging Strike 0-1: Ball 1-1: Foul Ball, location: 2F 1-2: Foul Ball, location: 2F 1-2: Fly out, F7 (Flyball, 7, EV 90.0 MPH)
|
Top of the 9th over - 4 runs, 4 hits, 0 errors, 0 left on base; Cleveland 5 - Toronto 6 |
|